[ AOE2 MATCH · #478208253 ]
UnrankedKhmer vs Vietnamese
[ REPLAY ANALYSIS · EXTRACTED FROM THE RECORDED GAME ]
Feudal
11:47
Castle
—
Imperial
—
| APM avg | 34.2 |
| APM peak | 72 |
| eAPM avg | 13.0 |
| Villagers / military | 31 / 17 |
Focus
⚔️ 30.8% · 🌾 69.2%
Scout Cavalry ×17
Feudal
13:46
Castle
—
Imperial
—
| APM avg | 28.0 |
| APM peak | 62 |
| eAPM avg | 15.0 |
| Villagers / military | 36 / 0 |
Focus
⚔️ 15.3% · 🌾 84.7%
Feudal
12:25
Castle
—
Imperial
—
| APM avg | 41.7 |
| APM peak | 77 |
| eAPM avg | 19.9 |
| Villagers / military | 41 / 14 |
Focus
⚔️ 21.5% · 🌾 78.5%
Archer ×14
Feudal
15:44
Castle
—
Imperial
—
| APM avg | 33.8 |
| APM peak | 84 |
| eAPM avg | 18.8 |
| Villagers / military | 38 / 0 |
Focus
⚔️ 26.4% · 🌾 73.6%
Feudal
11:54
Castle
—
Imperial
—
| APM avg | 45.5 |
| APM peak | 101 |
| eAPM avg | 18.2 |
| Villagers / military | 34 / 13 |
Focus
⚔️ 31.7% · 🌾 68.3%
Militia ×9 · Archer ×4
Feudal
12:29
Castle
—
Imperial
—
| APM avg | 42.3 |
| APM peak | 82 |
| eAPM avg | 22.2 |
| Villagers / military | 44 / 16 |
Focus
⚔️ 19.5% · 🌾 80.5%
Scout Cavalry ×13 · Spearman ×3
Feudal
13:50
Castle
17:25
Imperial
—
| APM avg | 27.2 |
| APM peak | 47 |
| eAPM avg | 12.3 |
| Villagers / military | 46 / 13 |
Focus
⚔️ 16.2% · 🌾 83.8%
Cavalry Archer ×13
Feudal
13:35
Castle
17:15
Imperial
—
| APM avg | 37.3 |
| APM peak | 83 |
| eAPM avg | 14.3 |
| Villagers / military | 36 / 5 |
Focus
⚔️ 18.7% · 🌾 81.3%
Fishing Ship ×5 · Cavalry Archer ×4 · Archer ×1
Match map
Initial resources + every placement click. Lines = walls · curves = elevation contours. ◆ gold · ⬟ stone · ● berries · ✦ relic · ◌ wall gap
Your base· Open — unwalled flank
Steve's base· Open — unwalled flank
Odesseiron's base· Open — unwalled flank
IRON MIKE's base· Open — 7t gap
deev's base· Open — 5t gap
Heisenberg's base· Open — unwalled flank
Simon Stokvis's base· Open — unwalled flank
无语's base· Open — 7t gap
Smoothed initial terrain · ◌ = detected wall gap · hover for details
Inputs per minute
— TheGooseTransporter - - Steve
Build order — TheGooseTransporter
87 actions detected in the replay
| 0:54 | Build | Town Center |
| 2:39 | Build | House |
| 3:14 | Create | Villager (Male) ×4 |
| 4:38 | Create | Villager (Male) |
| 4:38 | Create | Villager (Male) |
| 4:43 | Build | House |
| 5:06 | Create | Villager (Male) |
| 5:15 | Create | Villager (Male) |
| 6:02 | Build | Lumber Camp |
| 6:12 | Create | Villager (Male) |
| 6:12 | Create | Villager (Male) |
| 6:12 | Create | Villager (Male) |
| 6:50 | Create | Villager (Male) |
| 6:59 | Build | House |
| 7:42 | Create | Villager (Male) |
| 8:17 | Build | Mill |
| 8:22 | Create | Villager (Male) |
| 8:22 | Create | Villager (Male) |
| 9:08 | Create | Villager (Male) |
| 9:35 | Research | Feudal Age |
| 9:40 | Research | Loom |
| 9:52 | Build | Mill |
| 10:35 | Build | House |
| 10:48 | Create | Villager (Male) |
| 11:47 | Age | Feudal Age |
| 11:48 | Build | Stable |
| 11:53 | Research | Double-Bit Axe |
| 11:54 | Create | Villager (Male) |
| 12:25 | Build | House |
| 12:31 | Create | Scout Cavalry |
| 12:31 | Create | Scout Cavalry |
| 12:59 | Create | Villager (Male) |
| 13:02 | Build | Stable |
| 13:12 | Create | Scout Cavalry |
| 13:19 | Build | House |
| 13:26 | Create | Villager (Male) |
| 13:37 | Create | Scout Cavalry |
| 13:43 | Create | Villager (Male) |
| 13:58 | Build | Blacksmith |
| 14:01 | Create | Scout Cavalry |
| 14:01 | Create | Scout Cavalry |
| 14:16 | Create | Villager (Male) |
| 14:49 | Create | Scout Cavalry |
| 14:50 | Create | Scout Cavalry |
| 14:50 | Create | Villager (Male) |
| 15:13 | Create | Scout Cavalry |
| 15:14 | Create | Scout Cavalry |
| 15:24 | Create | Villager (Male) |
| 15:27 | Build | House |
| 15:54 | Research | Horse Collar |
| 15:56 | Create | Scout Cavalry |
| 16:14 | Create | Villager (Male) |
| 16:22 | Build | House |
| 16:26 | Build | House |
| 16:38 | Research | Forging |
| 16:39 | Create | Villager (Male) |
| 16:55 | Build | Palisade Wall |
| 17:13 | Create | Scout Cavalry |
| 17:13 | Create | Scout Cavalry |
| 17:25 | Create | Villager (Male) |
| 17:25 | Create | Villager (Male) |
| 17:28 | Build | Farm |
| 17:29 | Build | Farm |
| 17:30 | Build | Farm |
| 17:31 | Build | Farm |
| 18:14 | Build | Palisade Wall |
| 18:15 | Build | Palisade Wall |
| 18:16 | Build | Palisade Wall |
| 18:18 | Build | Palisade Wall |
| 19:00 | Build | Farm |
| 19:00 | Build | Mill |
| 19:01 | Build | Farm |
| 19:02 | Build | Farm |
| 19:03 | Build | Farm |
| 19:11 | Create | Villager (Male) |
| 19:13 | Create | Scout Cavalry |
| 19:13 | Create | Scout Cavalry |
| 19:32 | Create | Scout Cavalry |
| 19:33 | Create | Scout Cavalry |
| 19:33 | Create | Villager (Male) |
| 19:39 | Build | Mining Camp |
| 19:43 | Research | Scale Barding Armor |
| 20:18 | Create | Villager (Male) |
| 20:29 | Build | Farm |
| 20:33 | Build | Farm |
| 20:36 | Build | Farm |
| 20:38 | Build | Farm |
Build order — Steve
72 actions detected in the replay
| 0:54 | Build | Town Center |
| 1:02 | Build | Lumber Camp |
| 2:13 | Build | House |
| 2:15 | Build | Palisade Wall |
| 3:14 | Create | Villager (Male) |
| 3:14 | Create | Villager (Male) |
| 3:14 | Create | Villager (Male) |
| 3:14 | Create | Villager (Male) |
| 4:12 | Build | House |
| 4:26 | Create | Villager (Male) |
| 4:26 | Create | Villager (Male) |
| 5:13 | Build | House |
| 5:41 | Research | Loom |
| 5:47 | Create | Villager (Male) |
| 5:47 | Create | Villager (Male) |
| 5:47 | Create | Villager (Male) |
| 5:48 | Create | Villager (Male) |
| 5:51 | Build | House |
| 6:09 | Build | House |
| 6:23 | Create | Villager (Male) |
| 6:23 | Create | Villager (Male) |
| 7:18 | Create | Villager (Male) |
| 7:18 | Create | Villager (Male) |
| 7:31 | Create | Villager (Male) |
| 7:32 | Create | Villager (Male) |
| 7:32 | Create | Villager (Male) |
| 7:41 | Build | House |
| 7:49 | Create | Villager (Male) |
| 7:49 | Create | Villager (Male) |
| 7:49 | Create | Villager (Male) |
| 7:58 | Build | House |
| 8:11 | Create | Villager (Male) |
| 8:11 | Create | Villager (Male) |
| 8:12 | Create | Villager (Male) |
| 8:21 | Build | Lumber Camp |
| 9:12 | Create | Villager (Male) |
| 9:34 | Create | Villager (Male) |
| 9:41 | Build | House |
| 9:53 | Create | Villager (Male) |
| 9:53 | Create | Villager (Male) |
| 9:54 | Create | Villager (Male) |
| 10:11 | Build | House |
| 10:32 | Create | Villager (Male) |
| 10:40 | Build | Mining Camp |
| 11:19 | Build | Mill |
| 11:36 | Research | Feudal Age |
| 11:36 | Research | Feudal Age |
| 11:37 | Research | Feudal Age |
| 11:57 | Build | Palisade Wall |
| 12:01 | Build | Palisade Wall |
| 12:05 | Build | Palisade Gate |
| 12:09 | Build | House |
| 12:11 | Build | Palisade Wall |
| 12:56 | Create | Villager (Male) |
| 12:57 | Create | Villager (Male) |
| 13:32 | Create | Villager (Male) |
| 13:33 | Create | Villager (Male) |
| 13:46 | Age | Feudal Age |
| 13:49 | Build | Market |
| 14:14 | Create | Villager (Male) |
| 14:37 | Build | Blacksmith |
| 14:43 | Create | Villager (Male) |
| 15:01 | Build | Watch Tower |
| 15:25 | Build | Palisade Wall |
| 16:03 | Build | House |
| 16:05 | Build | Palisade Wall |
| 16:17 | Create | Villager (Male) |
| 16:51 | Research | Castle Age |
| 16:51 | Research | Castle Age |
| 16:51 | Research | Castle Age |
| 17:37 | Research | Double-Bit Axe |
| 17:38 | Research | Double-Bit Axe |
Build order — Odesseiron
112 actions detected in the replay
| 0:09 | Build | Town Center |
| 2:14 | Build | House |
| 2:24 | Create | Villager (Male) |
| 2:24 | Create | Villager (Male) |
| 2:25 | Create | Villager (Male) |
| 2:25 | Create | Villager (Male) |
| 2:25 | Create | Villager (Male) |
| 3:30 | Build | House |
| 3:37 | Create | Villager (Male) |
| 3:37 | Create | Villager (Male) |
| 4:08 | Create | Villager (Male) |
| 4:28 | Create | Villager (Male) |
| 4:28 | Create | Villager (Male) |
| 4:53 | Build | House |
| 4:55 | Create | Villager (Male) |
| 4:55 | Create | Villager (Male) |
| 4:55 | Create | Villager (Male) |
| 5:47 | Create | Villager (Male) |
| 5:47 | Create | Villager (Male) |
| 5:48 | Create | Villager (Male) |
| 6:26 | Build | Lumber Camp |
| 6:30 | Create | Villager (Male) |
| 6:30 | Create | Villager (Male) |
| 7:13 | Build | House |
| 7:17 | Create | Villager (Male) |
| 7:57 | Build | Palisade Wall |
| 8:00 | Build | Palisade Wall |
| 8:05 | Build | Palisade Wall |
| 8:07 | Build | Palisade Wall |
| 8:12 | Build | House |
| 8:21 | Create | Villager (Male) |
| 8:22 | Build | House |
| 8:31 | Build | House |
| 8:36 | Build | House |
| 8:37 | Create | Villager (Male) |
| 8:46 | Create | Villager (Male) |
| 8:53 | Build | House |
| 9:39 | Research | Loom |
| 9:54 | Build | Mill |
| 9:56 | Create | Villager (Male) |
| 10:15 | Research | Feudal Age |
| 11:17 | Build | Barracks |
| 11:23 | Build | Barracks |
| 12:01 | Create | Villager (Male) |
| 12:25 | Age | Feudal Age |
| 12:27 | Build | Archery Range |
| 12:31 | Create | Villager (Male) |
| 12:36 | Build | Mining Camp |
| 12:50 | Build | House |
| 12:54 | Research | Double-Bit Axe |
| 12:55 | Create | Villager (Male) |
| 13:02 | Build | House |
| 13:03 | Build | Palisade Wall |
| 13:05 | Build | Palisade Wall |
| 13:09 | Build | Palisade Wall |
| 13:11 | Build | Palisade Wall |
| 13:14 | Build | Palisade Wall |
| 13:16 | Create | Villager (Male) |
| 13:19 | Create | Archer |
| 13:26 | Build | Blacksmith |
| 13:30 | Create | Villager (Male) |
| 13:33 | Build | Palisade Wall |
| 13:36 | Build | Palisade Wall |
| 13:36 | Build | Palisade Wall |
| 13:37 | Build | Palisade Wall |
| 13:39 | Build | Palisade Wall |
| 13:40 | Build | Palisade Wall |
| 13:53 | Create | Archer |
| 13:53 | Create | Archer |
| 13:56 | Build | House |
| 13:57 | Create | Villager (Male) |
| 14:10 | Build | House |
| 14:36 | Build | Palisade Wall |
| 14:43 | Research | Fletching |
| 14:43 | Create | Villager (Male) |
| 14:45 | Build | House |
| 14:47 | Create | Villager (Male) |
| 14:58 | Create | Villager (Male) |
| 15:09 | Create | Archer |
| 15:12 | Create | Villager (Male) |
| 15:27 | Build | House |
| 15:33 | Build | House |
| 15:37 | Create | Archer |
| 15:37 | Create | Archer |
| 15:37 | Create | Archer |
| 15:48 | Create | Villager (Male) |
| 16:02 | Build | Mining Camp |
| 16:08 | Build | Palisade Gate |
| 16:10 | Build | Palisade Wall |
| 16:15 | Create | Archer |
| 16:18 | Build | House |
| 16:21 | Create | Villager (Male) |
| 16:43 | Build | Mill |
| 16:48 | Create | Villager (Male) |
| 16:53 | Create | Archer |
| 17:27 | Build | Market |
| 17:30 | Create | Villager (Male) |
| 17:31 | Create | Villager (Male) |
| 17:33 | Build | House |
| 17:44 | Research | Town Watch |
| 18:22 | Create | Villager (Male) |
| 18:47 | Research | Castle Age |
| 18:56 | Create | Archer |
| 18:59 | Build | Archery Range |
| 19:31 | Build | House |
| 19:36 | Build | Mill |
| 19:38 | Create | Villager (Male) |
| 19:39 | Create | Villager (Male) |
| 20:00 | Create | Archer |
| 20:00 | Create | Archer |
| 20:48 | Create | Archer |
| 20:51 | Create | Archer |
Build order — IRON MIKE
73 actions detected in the replay
| 1:46 | Build | Town Center |
| 3:51 | Create | Villager (Male) |
| 3:52 | Create | Villager (Male) |
| 3:52 | Create | Villager (Male) |
| 3:53 | Create | Villager (Male) |
| 3:53 | Create | Villager (Male) |
| 4:39 | Build | House |
| 4:44 | Research | Loom |
| 4:44 | Research | Loom |
| 4:57 | Create | Villager (Male) |
| 4:58 | Create | Villager (Male) |
| 5:06 | Build | Lumber Camp |
| 5:14 | Create | Villager (Male) |
| 5:42 | Create | Villager (Male) |
| 5:42 | Create | Villager (Male) |
| 6:43 | Build | House |
| 6:46 | Create | Villager (Male) |
| 6:46 | Create | Villager (Male) |
| 6:46 | Create | Villager (Male) |
| 7:09 | Create | Villager (Male) |
| 7:09 | Create | Villager (Male) |
| 7:43 | Build | Mill |
| 7:55 | Create | Villager (Male) |
| 7:55 | Create | Villager (Male) |
| 8:16 | Create | Villager (Male) |
| 8:40 | Build | House |
| 8:50 | Create | Villager (Male) |
| 8:51 | Create | Villager (Male) |
| 8:51 | Create | Villager (Male) |
| 9:06 | Build | House |
| 9:12 | Build | House |
| 9:13 | Create | Villager (Male) |
| 9:14 | Create | Villager (Male) |
| 9:36 | Create | Villager (Male) |
| 9:39 | Create | Villager (Male) |
| 9:48 | Create | Villager (Male) |
| 10:09 | Create | Villager (Male) |
| 10:31 | Build | Mining Camp |
| 10:33 | Create | Villager (Male) |
| 10:45 | Create | Villager (Male) |
| 11:05 | Create | Villager (Male) |
| 11:14 | Create | Villager (Male) |
| 11:23 | Create | Villager (Male) |
| 11:34 | Create | Villager (Male) |
| 12:02 | Build | Palisade Wall |
| 12:08 | Build | Palisade Wall |
| 12:15 | Build | Mill |
| 12:59 | Build | Palisade Wall |
| 13:01 | Build | Palisade Wall |
| 13:03 | Build | Palisade Wall |
| 13:07 | Create | Villager (Male) |
| 13:34 | Research | Feudal Age |
| 13:34 | Research | Feudal Age |
| 13:50 | Build | Barracks |
| 14:49 | Create | Villager (Male) |
| 15:29 | Build | House |
| 15:44 | Age | Feudal Age |
| 15:52 | Build | Mill |
| 16:07 | Research | Double-Bit Axe |
| 16:23 | Build | Watch Tower |
| 16:32 | Build | Watch Tower |
| 16:50 | Build | Palisade Wall |
| 17:00 | Build | Palisade Wall |
| 17:05 | Create | Villager (Male) |
| 17:05 | Create | Villager (Male) |
| 17:05 | Create | Villager (Male) |
| 17:09 | Build | Palisade Wall |
| 17:18 | Build | Palisade Wall |
| 17:22 | Build | Palisade Wall |
| 17:27 | Build | Palisade Wall |
| 17:50 | Build | Palisade Wall |
| 17:51 | Build | Palisade Wall |
| 17:54 | Build | Palisade Wall |
Build order — deev
81 actions detected in the replay
| 0:05 | Build | Town Center |
| 2:19 | Build | House |
| 2:23 | Create | Villager (Male) ×4 |
| 2:49 | Research | Loom |
| 2:50 | Create | Villager (Male) |
| 2:51 | Create | Villager (Male) |
| 3:17 | Build | Palisade Wall |
| 3:46 | Create | Villager (Male) |
| 4:20 | Build | House |
| 4:23 | Create | Villager (Male) |
| 4:23 | Create | Villager (Male) |
| 4:54 | Create | Villager (Male) |
| 4:54 | Create | Villager (Male) |
| 5:10 | Create | Villager (Male) |
| 5:11 | Create | Villager (Male) |
| 5:38 | Create | Villager (Male) |
| 6:09 | Create | Villager (Male) |
| 6:09 | Create | Villager (Male) |
| 6:10 | Create | Villager (Male) |
| 6:16 | Build | Lumber Camp |
| 6:29 | Build | House |
| 7:31 | Create | Villager (Male) |
| 7:31 | Create | Villager (Male) |
| 7:31 | Create | Villager (Male) |
| 8:32 | Create | Villager (Male) |
| 9:03 | Build | Barracks |
| 9:11 | Create | Villager (Male) |
| 9:38 | Build | House |
| 9:44 | Research | Feudal Age |
| 9:53 | Build | House |
| 10:26 | Build | Mining Camp |
| 10:31 | Create | Militia |
| 10:31 | Create | Militia |
| 11:02 | Build | House |
| 11:21 | Create | Militia |
| 11:54 | Age | Feudal Age |
| 11:58 | Research | Man-at-Arms (upgrade) |
| 11:59 | Create | Villager (Male) |
| 12:04 | Research | Double-Bit Axe |
| 12:26 | Create | Villager (Male) |
| 12:46 | Build | Stable |
| 12:53 | Build | Archery Range |
| 12:58 | Create | Villager (Male) |
| 13:14 | Create | Militia |
| 13:29 | Build | Blacksmith |
| 13:37 | Create | Archer |
| 13:37 | Create | Archer |
| 14:02 | Research | Fletching |
| 14:11 | Build | House |
| 14:31 | Research | Arson |
| 14:46 | Create | Villager (Male) |
| 14:53 | Build | House |
| 14:59 | Create | Archer |
| 15:23 | Create | Villager (Male) |
| 15:25 | Create | Villager (Male) |
| 15:31 | Create | Archer |
| 15:33 | Build | House |
| 15:43 | Create | Villager (Male) |
| 16:07 | Build | Mill |
| 16:25 | Create | Militia |
| 16:25 | Create | Militia |
| 16:28 | Create | Villager (Male) |
| 16:38 | Build | House |
| 16:41 | Create | Villager (Male) |
| 16:47 | Create | Militia |
| 18:06 | Create | Militia |
| 18:07 | Create | Militia |
| 18:21 | Build | Farm |
| 18:22 | Build | Farm |
| 18:23 | Build | Farm |
| 18:24 | Build | Farm |
| 18:25 | Build | Farm |
| 18:26 | Build | Farm |
| 18:38 | Research | Wheelbarrow |
| 19:00 | Build | Farm |
| 19:03 | Build | Farm |
| 19:29 | Create | Villager (Male) |
| 19:32 | Build | Mill |
| 19:57 | Create | Villager (Male) |
| 20:36 | Create | Villager (Male) |
| 20:43 | Build | Market |
Build order — Heisenberg
109 actions detected in the replay
| 0:27 | Build | Town Center |
| 0:57 | Build | House |
| 2:49 | Create | Villager (Male) ×4 |
| 2:49 | Create | Villager (Male) ×4 |
| 4:29 | Create | Villager (Male) |
| 4:42 | Create | Villager (Male) |
| 4:43 | Create | Villager (Male) |
| 4:43 | Create | Villager (Male) |
| 4:47 | Build | House |
| 5:14 | Create | Villager (Male) |
| 5:14 | Create | Villager (Male) |
| 5:25 | Build | House |
| 5:46 | Build | House |
| 6:00 | Build | House |
| 6:07 | Create | Villager (Male) |
| 6:08 | Create | Villager (Male) |
| 6:08 | Create | Villager (Male) |
| 6:27 | Build | House |
| 6:35 | Create | Villager (Male) |
| 6:35 | Create | Villager (Male) |
| 7:13 | Build | Lumber Camp |
| 7:55 | Create | Villager (Male) |
| 7:55 | Create | Villager (Male) |
| 8:32 | Build | House |
| 8:57 | Create | Villager (Male) |
| 8:57 | Create | Villager (Male) |
| 9:28 | Build | Mill |
| 9:54 | Create | Villager (Male) |
| 9:54 | Create | Villager (Male) |
| 10:04 | Research | Feudal Age |
| 10:04 | Research | Feudal Age |
| 10:20 | Build | Mining Camp |
| 10:59 | Build | House |
| 11:06 | Create | Villager (Male) |
| 11:53 | Research | Loom |
| 11:54 | Create | Villager (Male) |
| 11:55 | Create | Villager (Male) |
| 12:02 | Build | Barracks |
| 12:29 | Age | Feudal Age |
| 12:49 | Build | Stable |
| 12:56 | Build | House |
| 13:00 | Build | Palisade Wall |
| 13:15 | Build | House |
| 13:19 | Build | Palisade Wall |
| 13:27 | Research | Double-Bit Axe |
| 13:27 | Research | Double-Bit Axe |
| 13:34 | Create | Scout Cavalry |
| 13:42 | Create | Villager (Male) |
| 13:42 | Create | Villager (Male) |
| 13:55 | Build | Farm |
| 13:58 | Build | Farm |
| 13:59 | Create | Scout Cavalry |
| 14:14 | Create | Spearman |
| 14:50 | Build | House |
| 14:52 | Create | Villager (Male) ×5 |
| 14:58 | Build | Palisade Wall |
| 15:11 | Create | Spearman |
| 15:13 | Build | Farm |
| 15:18 | Create | Scout Cavalry |
| 15:22 | Build | House |
| 15:33 | Build | Palisade Wall |
| 15:37 | Build | Farm |
| 15:43 | Build | Farm |
| 15:45 | Build | Farm |
| 15:47 | Create | Scout Cavalry |
| 15:54 | Build | Blacksmith |
| 16:06 | Create | Scout Cavalry |
| 16:16 | Build | House |
| 16:18 | Build | Farm |
| 16:36 | Research | Forging |
| 16:36 | Research | Forging |
| 16:38 | Build | Farm |
| 16:39 | Build | Farm |
| 16:42 | Create | Scout Cavalry |
| 17:02 | Create | Villager (Male) |
| 17:02 | Create | Villager (Male) |
| 17:27 | Create | Scout Cavalry |
| 17:29 | Create | Villager (Male) |
| 17:42 | Create | Spearman |
| 18:03 | Create | Scout Cavalry |
| 18:07 | Build | Mill |
| 18:08 | Build | Farm |
| 18:08 | Build | Farm |
| 18:09 | Build | Farm |
| 18:09 | Build | Farm |
| 18:09 | Build | Farm |
| 18:27 | Create | Scout Cavalry |
| 18:28 | Create | Villager (Male) |
| 18:52 | Create | Scout Cavalry |
| 18:56 | Build | Farm |
| 18:57 | Build | Farm |
| 18:57 | Build | Farm |
| 18:57 | Build | Farm |
| 18:58 | Build | Farm |
| 18:58 | Build | Farm |
| 18:58 | Build | Farm |
| 19:05 | Create | Villager (Male) |
| 19:10 | Build | House |
| 19:12 | Build | Palisade Wall |
| 19:14 | Build | House |
| 19:17 | Build | Palisade Wall |
| 19:26 | Create | Scout Cavalry |
| 19:29 | Create | Villager (Male) |
| 19:34 | Build | Mill |
| 20:02 | Create | Villager (Male) ×3 |
| 20:16 | Create | Scout Cavalry |
| 20:23 | Build | House |
| 20:27 | Build | Palisade Wall |
| 20:41 | Create | Scout Cavalry |
Build order — Simon Stokvis
72 actions detected in the replay
| 0:38 | Build | Town Center |
| 2:54 | Create | Villager (Male) ×4 |
| 2:54 | Create | Villager (Male) ×4 |
| 4:35 | Create | Villager (Male) |
| 4:35 | Create | Villager (Male) |
| 4:50 | Create | Villager (Male) |
| 4:51 | Create | Villager (Male) |
| 5:08 | Create | Villager (Male) |
| 5:41 | Create | Villager (Male) |
| 5:41 | Create | Villager (Male) |
| 6:12 | Create | Villager (Male) |
| 6:12 | Create | Villager (Male) |
| 6:17 | Build | Lumber Camp |
| 6:23 | Create | Villager (Male) |
| 6:23 | Create | Villager (Male) |
| 6:55 | Create | Villager (Male) |
| 6:55 | Create | Villager (Male) |
| 7:38 | Create | Villager (Male) |
| 8:00 | Create | Villager (Male) |
| 8:12 | Build | Mill |
| 8:25 | Create | Villager (Male) |
| 8:57 | Create | Villager (Male) |
| 9:19 | Create | Villager (Male) |
| 9:21 | Create | Villager (Male) |
| 9:58 | Create | Villager (Male) |
| 10:41 | Create | Villager (Male) |
| 10:42 | Create | Villager (Male) |
| 11:32 | Research | Feudal Age |
| 12:23 | Build | Barracks |
| 12:55 | Create | Villager (Male) |
| 12:55 | Create | Villager (Male) |
| 13:50 | Age | Feudal Age |
| 13:52 | Build | Archery Range |
| 13:57 | Build | Blacksmith |
| 14:02 | Build | Palisade Wall |
| 14:04 | Build | Palisade Gate |
| 14:17 | Research | Double-Bit Axe |
| 14:45 | Research | Castle Age |
| 14:45 | Research | Castle Age |
| 14:58 | Build | Archery Range |
| 15:29 | Research | Fletching |
| 17:07 | Create | Villager (Male) |
| 17:07 | Create | Villager (Male) |
| 17:25 | Age | Castle Age |
| 17:28 | Build | Town Center |
| 17:29 | Create | Villager (Male) |
| 17:30 | Create | Villager (Male) |
| 17:35 | Build | University |
| 17:39 | Create | Cavalry Archer |
| 17:40 | Create | Cavalry Archer |
| 18:15 | Create | Villager (Male) |
| 18:15 | Create | Villager (Male) |
| 18:17 | Create | Cavalry Archer |
| 18:18 | Create | Cavalry Archer |
| 18:40 | Create | Villager (Male) |
| 19:07 | Create | Villager (Male) |
| 19:08 | Create | Villager (Male) |
| 19:10 | Research | Ballistics |
| 19:12 | Research | Bodkin Arrow |
| 19:13 | Create | Cavalry Archer |
| 19:14 | Create | Cavalry Archer |
| 19:24 | Create | Villager (Male) |
| 19:24 | Create | Villager (Male) |
| 19:38 | Create | Cavalry Archer |
| 19:38 | Create | Cavalry Archer |
| 19:48 | Create | Cavalry Archer |
| 19:48 | Create | Cavalry Archer |
| 20:18 | Create | Cavalry Archer ×2 |
| 20:21 | Create | Villager (Male) |
| 20:22 | Create | Villager (Male) |
| 20:22 | Create | Villager (Male) |
| 20:39 | Create | Cavalry Archer |
Build order — 无语
75 actions detected in the replay
| 0:24 | Build | Town Center |
| 2:39 | Create | Villager (Male) |
| 2:40 | Create | Villager (Male) |
| 2:40 | Create | Villager (Male) |
| 3:25 | Create | Villager (Male) |
| 3:25 | Create | Villager (Male) |
| 3:30 | Create | Villager (Male) |
| 3:30 | Create | Villager (Male) |
| 3:53 | Create | Villager (Male) |
| 3:59 | Build | Lumber Camp |
| 4:19 | Create | Villager (Male) |
| 4:20 | Create | Villager (Male) |
| 4:54 | Create | Villager (Male) |
| 4:55 | Create | Villager (Male) |
| 5:34 | Create | Villager (Male) |
| 5:34 | Create | Villager (Male) |
| 6:19 | Create | Villager (Male) |
| 6:20 | Create | Villager (Male) |
| 6:20 | Create | Villager (Male) |
| 6:33 | Build | Dock |
| 6:39 | Create | Villager (Male) |
| 6:40 | Create | Villager (Male) |
| 7:03 | Create | Villager (Male) |
| 7:03 | Create | Villager (Male) |
| 7:15 | Research | Loom |
| 7:17 | Create | Fishing Ship |
| 7:49 | Create | Villager (Male) |
| 7:57 | Create | Villager (Male) |
| 7:58 | Create | Fishing Ship |
| 8:16 | Create | Villager (Male) |
| 8:38 | Create | Villager (Male) |
| 8:38 | Create | Villager (Male) |
| 8:44 | Create | Fishing Ship |
| 9:12 | Create | Fishing Ship |
| 9:26 | Create | Villager (Male) |
| 9:45 | Build | Mill |
| 10:03 | Create | Villager (Male) |
| 10:26 | Create | Villager (Male) |
| 10:47 | Create | Villager (Male) |
| 10:49 | Create | Fishing Ship |
| 11:13 | Build | Mining Camp |
| 11:23 | Research | Feudal Age |
| 11:24 | Research | Feudal Age |
| 12:13 | Build | Palisade Gate |
| 12:20 | Build | Palisade Wall |
| 12:23 | Build | Palisade Wall |
| 12:56 | Create | Villager (Male) |
| 13:08 | Create | Villager (Male) |
| 13:35 | Age | Feudal Age |
| 13:44 | Build | Market |
| 13:50 | Build | Blacksmith |
| 14:05 | Research | Double-Bit Axe |
| 14:05 | Research | Double-Bit Axe |
| 14:35 | Research | Castle Age |
| 14:35 | Research | Castle Age |
| 15:14 | Build | Barracks |
| 16:04 | Build | Archery Range |
| 16:17 | Research | Fletching |
| 16:17 | Research | Fletching |
| 16:36 | Build | Archery Range |
| 16:44 | Create | Villager (Male) |
| 17:03 | Build | Palisade Wall |
| 17:15 | Age | Castle Age |
| 17:16 | Research | Bow Saw |
| 17:21 | Research | Bodkin Arrow |
| 17:22 | Create | Cavalry Archer ×3 |
| 17:43 | Build | Palisade Wall |
| 17:54 | Create | Cavalry Archer |
| 18:14 | Create | Villager (Male) |
| 18:36 | Create | Villager (Male) |
| 18:46 | Build | Town Center |
| 18:53 | Create | Archer |
| 19:01 | Research | Wheelbarrow |
| 19:01 | Research | Wheelbarrow |
| 19:01 | Create | Villager (Male) |
Match timeline
| 2:15 | Steve · wall_segment Palisade Wall x1 |
| 3:17 | deev · wall_segment Palisade Wall x1 |
| 6:33 | 无语 · first_building Dock |
| 7:57 | Odesseiron · wall_segment Palisade Wall x1 |
| 8:00 | Odesseiron · wall_segment Palisade Wall x1 |
| 8:05 | Odesseiron · wall_segment Palisade Wall x1 |
| 8:07 | Odesseiron · wall_segment Palisade Wall x1 |
| 9:03 | deev · first_building Barracks |
| 11:17 | Odesseiron · first_building Barracks |
| 11:47 | TheGooseTransporter · age_up feudal |
| 11:48 | TheGooseTransporter · first_building Stable |
| 11:54 | deev · age_up feudal |
| 11:57 | Steve · wall_segment Palisade Wall x1 |
| 12:01 | Steve · wall_segment Palisade Wall x1 |
| 12:02 | IRON MIKE · wall_segment Palisade Wall x1 |
| 12:02 | Heisenberg · first_building Barracks |
| 12:08 | IRON MIKE · wall_segment Palisade Wall x1 |
| 12:11 | Steve · wall_segment Palisade Wall x1 |
| 12:20 | 无语 · wall_segment Palisade Wall x3 |
| 12:23 | 无语 · wall_segment Palisade Wall x3 |
| 12:23 | Simon Stokvis · first_building Barracks |
| 12:25 | Odesseiron · age_up feudal |
| 12:27 | Odesseiron · first_building Archery Range |
| 12:29 | Heisenberg · age_up feudal |
| 12:46 | deev · first_building Stable |
| 12:49 | Heisenberg · first_building Stable |
| 12:53 | deev · first_building Archery Range |
| 12:59 | IRON MIKE · wall_segment Palisade Wall x1 |
| 13:00 | Heisenberg · wall_segment Palisade Wall x3 |
| 13:01 | IRON MIKE · wall_segment Palisade Wall x1 |
| 13:03 | IRON MIKE · wall_segment Palisade Wall x1 |
| 13:03 | Odesseiron · wall_segment Palisade Wall x3 |
| 13:05 | Odesseiron · wall_segment Palisade Wall x3 |
| 13:09 | Odesseiron · wall_segment Palisade Wall x1 |
| 13:11 | Odesseiron · wall_segment Palisade Wall x6 |
| 13:14 | Odesseiron · wall_segment Palisade Wall x4 |
| 13:19 | Heisenberg · wall_segment Palisade Wall x6 |
| 13:33 | Odesseiron · wall_segment Palisade Wall x1 |
| 13:35 | 无语 · age_up feudal |
| 13:36 | Odesseiron · wall_segment Palisade Wall x1 |
| 13:36 | Odesseiron · wall_segment Palisade Wall x1 |
| 13:37 | Odesseiron · wall_segment Palisade Wall x1 |
| 13:39 | Odesseiron · wall_segment Palisade Wall x1 |
| 13:40 | Odesseiron · wall_segment Palisade Wall x1 |
| 13:46 | Steve · age_up feudal |
| 13:50 | IRON MIKE · first_building Barracks |
| 13:50 | Simon Stokvis · age_up feudal |
| 13:52 | Simon Stokvis · first_building Archery Range |
| 14:02 | Simon Stokvis · wall_segment Palisade Wall x8 |
| 14:36 | Odesseiron · wall_segment Palisade Wall x1 |
| 14:58 | Heisenberg · wall_segment Palisade Wall x1 |
| 15:14 | 无语 · first_building Barracks |
| 15:25 | Steve · wall_segment Palisade Wall x4 |
| 15:33 | Heisenberg · wall_segment Palisade Wall x1 |
| 15:44 | IRON MIKE · age_up feudal |
| 16:04 | 无语 · first_building Archery Range |
| 16:05 | Steve · wall_segment Palisade Wall x4 |
| 16:10 | Odesseiron · wall_segment Palisade Wall x1 |
| 16:15 | Steve · first_market_buy 100 food |
| 16:50 | IRON MIKE · wall_segment Palisade Wall x1 |
| 16:55 | TheGooseTransporter · wall_segment Palisade Wall x1 |
| 17:00 | IRON MIKE · wall_segment Palisade Wall x1 |
| 17:03 | 无语 · wall_segment Palisade Wall x3 |
| 17:09 | IRON MIKE · wall_segment Palisade Wall x3 |
| 17:15 | 无语 · age_up castle |
| 17:18 | IRON MIKE · wall_segment Palisade Wall x1 |
| 17:22 | IRON MIKE · wall_segment Palisade Wall x1 |
| 17:25 | Simon Stokvis · age_up castle |
| 17:27 | IRON MIKE · wall_segment Palisade Wall x1 |
| 17:43 | 无语 · wall_segment Palisade Wall x5 |
| 17:50 | IRON MIKE · wall_segment Palisade Wall x1 |
| 17:51 | IRON MIKE · wall_segment Palisade Wall x1 |
| 17:54 | IRON MIKE · wall_segment Palisade Wall x1 |
| 18:13 | IRON MIKE · resign |
| 18:14 | TheGooseTransporter · wall_segment Palisade Wall x1 |
| 18:15 | TheGooseTransporter · wall_segment Palisade Wall x1 |
| 18:16 | TheGooseTransporter · wall_segment Palisade Wall x1 |
| 18:18 | TheGooseTransporter · wall_segment Palisade Wall x1 |
| 18:39 | Odesseiron · first_market_sell 100 wood |
| 18:40 | Odesseiron · first_market_buy 100 food |
| 19:12 | Heisenberg · wall_segment Palisade Wall x1 |
| 19:17 | Heisenberg · wall_segment Palisade Wall x3 |
| 20:27 | Heisenberg · wall_segment Palisade Wall x3 |
[ AI ANALYSIS · 1 CREDIT ]
What really happened in this match?
Wolo.gg analyzes every decision: build order, eco, micro, common mistakes by bracket. Personalized analysis on WhatsApp or Discord in 30 seconds.
Civ guide
Khmer
Perfil
Jugador #1244374